AoeStats
← kV0t3

Lombardia

508265298Analyzed
3v3 RM · 10d ago on Sep 21, 2026· 38m 55s· 6 players
Game mode
Random Map
Map size
Normal (6 player)
Population
200
Speed
Normal
Resources
Standard
Victory
Conquest
Starting age
Dark Age
Ending age
Imperial Age
RankedLock teamsTeams togetherTeam positionsShared explorationLock speedFull tech treeHidden civsTurbo modeCheats
Victory
Defeat
🇭🇰 Goths · Hong Kong SAR China
1457
+12
🇻🇳 Cumans · Vietnam
1399
+15
🇺🇸 Magyars · United States
1388
+15
🇦🇷 Teutons · Argentina
1384
-15
🇦🇷 Tatars · Argentina
1378
-14
🇦🇷 Bohemians · Argentina
1346
-13
Vedette87
8:31 Loom
10:38 Feudal Age
11:12 Horse Collar
11:18 Double-Bit Axe
14:19 Scale Barding Armor
14:58 Wheelbarrow
17:52 Bloodlines
22:04 Castle Age
21:55 Fletching
22:05 Padded Archer Armor
22:56 Gold Mining
25:20 Bodkin Arrow
26:06 Bow Saw
26:44 Heavy Plow
28:34 Husbandry
28:58 Ballistics
30:21 Thumb Ring
31:37 Leather Archer Armor
32:33 Hand Cart
35:51 Gold Shaft Mining
35:06 Stone Mining
41:39 Imperial Age
mryendl2410
6:38 Loom
9:02 Feudal Age
23:36 Castle Age
22:56 Gold Mining
26:07 Wheelbarrow
25:19 Double-Bit Axe
25:15 Horse Collar
30:12 Imperial Age
34:52 Bow Saw
36:04 Elite Steppe Lancer
36:54 Scale Barding Armor
37:14 Forging
38:18 Chain Barding Armor
39:13 Bloodlines
39:41 Iron Casting
大庆Song
0:52 Loom
10:29 Feudal Age
11:39 Double-Bit Axe
14:19 Forging
14:34 Scale Barding Armor
17:34 Wheelbarrow
19:15 Bloodlines
22:59 Castle Age
21:17 Gold Mining
23:04 Light Cavalry
24:06 Chain Barding Armor
26:44 Hand Cart
28:54 Town Watch
29:33 Husbandry
31:16 Iron Casting
35:30 Imperial Age
34:46 Squires
36:02 Scale Mail Armor
37:24 Blast Furnace
37:00 Cavalier
37:57 Chain Mail Armor
39:17 Conscription
[@LLNET]ZADBACK
10:52 Feudal Age
11:05 Man-at-Arms
11:33 Double-Bit Axe
12:03 Arson
13:17 Loom
14:01 Scale Mail Armor
13:47 Horse Collar
14:45 Forging
20:24 Town Watch
21:15 Wheelbarrow
24:38 Castle Age
23:02 Gold Mining
26:09 Scale Barding Armor
26:41 Iron Casting
26:32 Hand Cart
27:41 Chain Barding Armor
27:21 Fletching
34:39 Bow Saw
34:43 Bodkin Arrow
37:29 Bloodlines
37:20 Husbandry
kV0t3
0:26 Loom
10:45 Feudal Age
14:55 Castle Age
13:55 Double-Bit Axe
24:11 Bow Saw
27:26 Wheelbarrow
35:16 Imperial Age
35:59 Horse Collar
38:23 Fletching
38:33 Padded Archer Armor
39:12 Bodkin Arrow
ZIZOU
6:50 Loom
9:45 Feudal Age
12:21 Scale Barding Armor
16:48 Forging
19:35 Horse Collar
24:21 Castle Age
23:32 Gold Mining
25:02 Double-Bit Axe
27:54 Chain Barding Armor
28:01 Fletching
29:36 Wheelbarrow
29:23 Heavy Plow
30:57 Bloodlines
34:20 Elite Skirmisher
38:58 Imperial Age
36:45 Bodkin Arrow
37:25 Iron Casting
Connection lost

Rejoining the realm…

Still unreachable

The connection could not be restored.

Session expired

The server has moved on; the page needs a fresh start.